 Dungeon Crawl Stone Soup version 0.29.0-11-gd7f09526c8 (webtiles) character file.

Game seed: 65880319090439642

4048 xian the Caller (level 10, 0/78 HPs)
             Began as a Pale Draconian Fire Elementalist on Sept 7, 2022.
             Was a Believer of Nemelex Xobeh.
             Slain by a hobgoblin
             ... wielding a +0 hand axe
              (5 damage)
             ... in a bailey.
             The game lasted 00:26:17 (7981 turns).

xian the Caller (Pale Draconian Fire Elementalist)  Turns: 7981, Time: 00:26:18

Health: 0/78       AC:  8    Str:  8    XL:     10   Next: 4%
Magic:  19/19      EV: 15    Int: 18    God:    Nemelex Xobeh [**....]
Gold:   403        SH:  0    Dex: 26    Spells: 12/22 levels left

rFire   . . .      SeeInvis .   m - +2 dagger (venom)
rCold   . . .      Faith    .   (no shield)
rNeg    . . .      Spirit   .   (body armour unavailable)
rPois   .          Reflect  .   (helmet restricted)
rElec   .          Harm     .   (no cloak)
rCorr   .          Rampage  .   u - +0 pair of gloves
Will    +....                   (no boots)
Stlth   +++.......              t - amulet of magic regeneration
HPRegen 0.23/turn               x - ring of willpower
MPRegen 0.56/turn               E - +6 ring of dexterity

@: no status effects
A: breathe steam, AC +7, unfitting armour, cold-blooded, steam resistance, agile
2
a: Breathe Steam, Renounce Religion, Draw Escape, Draw Destruction, Draw
Summoning


You were in a bailey.
You worshipped Nemelex Xobeh.
Nemelex Xobeh was pleased with you.
You visited 2 branches of the dungeon, and saw 9 of its levels.
You also visited: Sewer and Bailey.

You collected 403 gold pieces.

Inventory:

Hand Weapons
 m - a +2 dagger of venom (weapon)
 C - a +7 hand axe
Missiles
 i - 2 throwing nets
Armour
 u - a +0 pair of gloves (worn)
Jewellery
 c - an amulet of regeneration
 t - an amulet of magic regeneration (around neck)
 x - a ring of willpower (left hand)
 A - a ring of ice
 E - a +6 ring of dexterity (right hand)
Wands
 f - a wand of polymorph (12)
 r - a wand of iceblast (22)
 B - a wand of charming (2)
Scrolls
 j - 2 scrolls of magic mapping
 l - a scroll of torment
 n - 3 scrolls of teleportation
 o - a scroll of blinking
 s - a scroll of enchant weapon
 w - 2 scrolls of amnesia
 y - a scroll of fear
 D - 2 scrolls of butterflies
Potions
 a - a potion of magic
 b - 9 potions of curing
 d - a potion of lignification {unknown}
 e - 2 potions of mutation
 g - a potion of ambrosia
 h - 2 potions of brilliance {unknown}
 k - 5 potions of heal wounds {unknown}
 p - a potion of haste {unknown}
 q - 2 potions of flight
 v - a potion of degeneration {unknown}
 z - a potion of resistance {unknown}


   Skills:
 + Level 3.9 Fighting
 + Level 3.2 Short Blades
 + Level 1.4 Maces & Flails
 + Level 3.5 Dodging
 + Level 4.1 Stealth
 + Level 6.5 Spellcasting
 + Level 4.4 Conjurations
 * Level 7.4 Summonings
 + Level 6.8 Fire Magic


You had 12 spell levels left.
You knew the following spells:

 Your Spells              Type           Power      Damage    Failure   Level
a - Foxfire               Conj/Fire      100%       2x1d9     1%          1
b - Scorch                Fire           60%        2d8       1%          2
c - Call Canine Familiar  Summ           32%        N/A       1%          3
d - Summon Small Mammal   Summ           100%       N/A       1%          1
e - Inner Flame           Hex/Fire       18%        N/A       9%          3

Your spell library contained the following spells:

 Spells                   Type           Power      Damage    Failure   Level
 Conjure Flame            Conj/Fire      26%        6-21      3%          3
 Flame Wave               Conj/Fire      26%        2d8       11%         4
 Sticky Flame             Conj/Fire      26%        2d5       11%         4
 Apportation              Tloc           10%        N/A       12%         1
 Necrotise                Necr           20%        1d5       12%         1
 Ignite Poison            Fire/Tmut/Pois 14%        N/A       13%         3
 Portal Projectile        Hex/Tloc       10%        N/A       34%         3
 Vampiric Draining        Necr           5%         2d6       34%         3
 Cause Fear               Hex            2%         N/A       75%         4
 Leda's Liquefaction      Hex/Erth       2%         N/A       75%         4
 Agony                    Necr           5%         N/A       97%         5
 Manifold Assault         Tloc           5%         N/A       97%         5
 Discord                  Hex            2%         N/A       100%        8
 Disjunction              Tloc           2%         N/A       100%        8


Dungeon Overview and Level Annotations

Branches:
Dungeon (8/15)             Temple (1/1) D:4            Lair (0/5) D:8
  Sewer (visited)          Bailey (1/1)

Altars:
Ashenzari
Cheibriados
Dithmenos
Elyvilon
Fedhas
Gozag
Hepliaklqana
Kikubaaqudgha
Makhleb
Nemelex Xobeh
Okawaru
Qazlal
Ru
Sif Muna
Trog
Wu Jian
Xom
Yredelemnul
The Shining One

Shops:
D:4 *


Innate Abilities, Weirdness & Mutations

You can breathe blasts of scalding, opaque steam.
Your pale cyan-grey scales are hard. (AC +7)
You cannot fit into any form of body armour.
You are cold-blooded and may be slowed by cold attacks.
You are immune to the effects of steam.
You are very agile. (Dex +8, Str/Int -2)


Message History

Things that are here:
a +0 war axe; a +0 chain mail A hobgoblin comes into view.
It is wielding a +0 war axe.
A hobgoblin is nearby!
A hobgoblin is nearby!
You can't do that yet.
Casting: Call Canine Familiar (safe; 1% risk of failure)
Confirm with . or Enter, or press ? or * to list all spells.
You have got your breath back.
The hobgoblin attacks as you move away!
The hobgoblin hits you with a +0 war axe!
* * * LOW HITPOINT WARNING * * *
Aiming: Breathe Steam (1% risk of failure)
Press: ? - help, Shift-Dir - straight line, f - hobgoblin
Aim: a hobgoblin, wielding a +0 war axe and wearing a +0 leather armour (ally target, 74% to hit)
You exhale a blast of scalding steam.
The ball of steam misses the hobgoblin.
The hobgoblin is engulfed in a cloud of scalding steam.
The hobgoblin closely misses you.
The hobgoblin hits your quokka with a +0 war axe.
Your quokka dies!
Your quokka's corpse disappears in a puff of smoke!
You hit the hobgoblin.
You kill the hobgoblin!
Unknown command.
You start resting.
An electric eel comes into view.
A hobgoblin comes into view. It is wielding a +0 hand axe.
Things that are here:
a +0 war axe; a +0 chain mail You start resting.
You have got your breath back.
There is an open door here.
A hobgoblin is nearby!
The hobgoblin hits you with a +0 hand axe.
* * * LOW HITPOINT WARNING * * *
You hit the hobgoblin.
The hobgoblin is lightly wounded.
The hobgoblin hits you with a +0 hand axe.
You die...
Your body disappears without a glow.

≈≈≈≈≈≈≈≈≈≈≈≈≈≈≈≈≈≈≈
≈≈≈≈≈§≈≈≈≈≈≈≈≈≈≈≈≈≈
##~~§~~~~~~~~#### ≈
.......∩)g).....+ ≈≈
.######.######))###
≈≈≈ #)
#§).#.??#....# ≈≈≈≈
#.).#.!:#..).# ≈≈≈≈≈
#8.8###+##g#'#≈≈≈≈≈≈
#.).# #)@#.~≈≈≈≈≈≈
#8)8# #..#.~≈≈≈≈≈≈
#...# #).#.~≈≈≈≈≈≈
#...# #).#.~≈≈≈≈≈≈
##'## #))#.~≈≈≈≈≈≈
... #'##.~≈≈≈≈≈≈ ._.
#..#.~≈≈≈≈≈≈ .....
#8.#.~≈≈≈≈≈≈ .....
#..#


You could see a hobgoblin.

Vanquished Creatures
  2 orc sorcerers (Bailey)
  Sigmund (D:2)
  A human (D:5)
  A steam dragon (D:6)
  7 orc warriors (Bailey)
  A sky beast (D:7)
  3 ice beasts
  2 ogres
  A kobold brigand (Sewer)
  A necrophage (D:5)
  3 scorpions
  8 wights
  A howler monkey (D:7)
  2 electric eels (Bailey)
  3 crimson imps (D:7)
  3 hounds
  A gnoll bouda (D:7)
  2 orc priests
  Jessica (D:2)
  5 iguanas
  3 orc wizards
  8 gnolls
  5 adders
  4 river rats (Sewer)
  A white imp (D:7)
  An ufetubus (D:4)
  2 worms
  15 orcs
  5 endoplasms
  6 giant cockroaches
  9 hobgoblins
  4 jackals
  9 kobolds
  3 quokkas
  5 ball pythons
  4 bats
  4 frilled lizards
  11 goblins
  A goblin zombie (D:5)
  8 rats
157 creatures vanquished.

Vanquished Creatures (collateral kills)
  A necrophage (D:7)
  A goblin (Bailey)
  A hobgoblin (Bailey)
3 creatures vanquished.

Vanquished Creatures (others)
  A hobgoblin (Bailey)
  318 foxfires
  A fungus (D:2)
  3 plants (D:2)
323 creatures vanquished.

Grand Total: 483 creatures vanquished

Notes
Turn   | Place    | Note
-------+----------+-------------------------------------------
     0 | D:1      | xian the Draconian Fire Elementalist began the quest for
                  | the Orb.
     0 | D:1      | Reached XP level 1. HP: 14/14 MP: 3/3
   143 | D:1      | Reached XP level 2. HP: 15/20 MP: 0/5
  1300 | D:2      | Reached skill level 1 in Summonings
  1300 | D:2      | Reached XP level 3. HP: 26/26 MP: 6/6
  1301 | D:2      | Noticed Sigmund
  1315 | D:2      | Killed Sigmund
  1316 | D:2      | Reached skill level 1 in Maces & Flails
  1316 | D:2      | Reached skill level 2 in Summonings
  1316 | D:2      | Reached XP level 4. HP: 34/34 MP: 0/8
  1316 | D:2      | Reached XP level 5. HP: 39/39 MP: 0/9
  1352 | D:2      | Noticed Jessica
  1364 | D:2      | Killed Jessica
  1764 | D:2      | Found a bloodstained altar of Trog.
  2068 | D:3      | Learned a level 2 spell: Scorch
  2072 | D:3      | Learned a level 3 spell: Call Canine Familiar
  2088 | D:3      | Found a broken altar of Ashenzari.
  2108 | D:3      | Reached skill level 1 in Fighting
  2108 | D:3      | Reached XP level 6. HP: 31/47 MP: 0/10
  2393 | D:3      | Found a white marble altar of Elyvilon.
  2600 | D:3      | Found a faded altar of an unknown god.
  3034 | D:4      | Reached skill level 3 in Summonings
  3067 | D:4      | Found Futar's Neck Hole.
  3172 | D:4      | Found a glowing golden altar of the Shining One.
  3176 | D:4      | Found a snail-covered altar of Cheibriados.
  3270 | D:4      | Found a glowing drain.
  3300 | Sewer    | Entered a sewer
  3322 | Sewer    | Your scales start taking on a pale cyan-grey colour.
  3322 | Sewer    | Reached XP level 7. HP: 47/52 MP: 1/12
  3322 | Sewer    | Gained mutation: You are immune to the effects of steam.
                  | [Pale Draconian growth]
  3449 | Sewer    | Reached skill level 5 in Fire Magic
  3486 | Sewer    | Found a white marble altar of Elyvilon.
  3680 | D:4      | Found a staircase to the Ecumenical Temple.
  3700 | Temple   | Entered the Ecumenical Temple
  3822 | D:4      | Found a sparkling altar of Nemelex Xobeh.
  3849 | D:4      | Became a worshipper of Nemelex Xobeh the Trickster
  4324 | D:5      | Entered Level 5 of the Dungeon
  4506 | D:5      | Found a hazy altar of Hepliaklqana.
  4604 | D:5      | Found a runed translucent door.
  4604 | D:5      | Noticed a human
  4616 | D:5      | Found a basalt altar of Yredelemnul.
  4622 | D:5      | Killed a human
  4716 | D:5      | Reached skill level 4 in Summonings
  4716 | D:5      | Reached XP level 8. HP: 57/61 MP: 14/14
  4932 | D:5      | Reached * piety under Nemelex Xobeh
  4985 | D:5      | Found a bloodstained altar of Trog.
  4999 | D:5      | Reached skill level 1 in Short Blades
  5102 | D:5      | Found an ornate altar of the Wu Jian Council.
  5103 | D:5      | Gained mutation: You are agile. (Dex +4, Str/Int -1)
                  | [potion of mutation]
  5103 | D:5      | Gained mutation: You are very agile. (Dex +8, Str/Int -2)
                  | [potion of mutation]
  5478 | D:6      | Received a gift from Nemelex Xobeh
  5719 | D:6      | Got the Essays on the Compass
  5735 | D:6      | Found a blossoming altar of Fedhas.
  5747 | D:6      | Reached skill level 5 in Spellcasting
  5914 | D:6      | Learned a level 1 spell: Summon Small Mammal
  6394 | D:6      | Reached ** piety under Nemelex Xobeh
  6440 | D:7      | Reached skill level 5 in Summonings
  6471 | D:7      | Reached XP level 9. HP: 46/67 MP: 15/17
  6851 | D:7      | Received a gift from Nemelex Xobeh
  7183 | D:7      | Found a shimmering altar of Xom.
  7367 | D:8      | Found a flagged portal.
  7376 | Bailey   | Entered a bailey
  7722 | Bailey   | Noticed an orc sorcerer
  7730 | Bailey   | Received a gift from Nemelex Xobeh
  7751 | Bailey   | Killed an orc sorcerer
  7752 | Bailey   | Reached skill level 6 in Summonings
  7760 | Bailey   | Learned a level 3 spell: Inner Flame
  7908 | Bailey   | Found an iron altar of Okawaru.
  7909 | Bailey   | Identified the +5 plate armour "Molit" {Dex+7}
  7910 | Bailey   | Noticed an orc sorcerer
  7927 | Bailey   | Reached skill level 7 in Summonings
  7929 | Bailey   | Noticed an ice devil
  7938 | Bailey   | Killed an orc sorcerer
  7939 | Bailey   | Reached XP level 10. HP: 22/78 MP: 19/19
  7981 | Bailey   | Slain by a hobgoblin

Illustrated notes

Levels and vault maps discovered:
D:1:      dpeg_arrival_boxorama, layout_loops_ring,
          nicolae_concentric_dashed_squares_mild, bh_walls_and_bars
D:2:      cheibrodos_old_hovel, layout_rooms, basic_altar,
          hangedman_glass_teeth, dreamdust_mushroom_princess,
          serial_bayou_lagoon_a, minmay_pentomino_pile, uniq_jessica,
          uniq_sigmund
D:3:      layout_basic, evilmike_ruin_ashenzari, mainiacjoe_overflow_alcove_2,
          hellmonk_ecumenical_altar_crossroads
D:4:      layout_loops_ring, mainiacjoe_overflow_six_doors_small,
          mainiacjoe_overflow_catwalk_spiral, minmay_temple_entry_proselytizer,
          cheibrodos_sewer_entry_drain, hangedman_decor_slide_cut,
          nicolae_shop_sticking_my_neck_out
D:5:      layout_basic, mainiacjoe_overflow_concentric_impassable,
          dk_yredelemnul_ordeal, mainiacjoe_overflow_24_doors,
          lemuel_tele_altar, kennysheep_donut
D:6:      layout_loops_corners, fedhas_altar_fruit_tree,
          minmay_misc_feat_enclosed
D:7:      layout_cave_pools, led_xom_imps
D:8:      layout_basic, nicolae_uskayaw_en_pointe, dpeg_lair_monsters,
          enter_bailey_3, uniq_grum, uniq_maggie, uniq_pikel
Temple:   nicolae_temple_ecumenical_triangle
Bailey:   bailey_axe_of_yendor_kennysheep, bailey

Skill      XL: |  1  2  3  4  5  6  7  8  9 |
---------------+----------------------------+-----
Dodging        | 2 3 |  3.5
Summonings     | 1 2 3 4 5 7 |  7.4
Maces & Flails | 1 |  1.4
Stealth        | 2 3 4 |  4.1
Fire Magic     | 4 5 6 |  6.8
Spellcasting   | 3 4 5 6 |  6.5
Conjurations   | 2 3 4 |  4.4
Fighting       | 1 2 3 |  3.9
Short Blades   | 2 3 |  3.2

Action                   |  1- 3 |  4- 6 |  7- 9 | 10-12 || total
-------------------------+-------+-------+-------+-------++-------
Melee: Unarmed           |     7 |       |       |       ||     7
       Punch             |     1 |       |     1 |       ||     2
       Flail             |    10 |    26 |       |       ||    36
       Tailslap          |       |     7 |    23 |       ||    30
       Dagger            |       |    19 |   117 |     4 ||   140
 Cast: Foxfire           |    37 |    99 |    61 |       ||   197
       Scorch            |       |     4 |       |       ||     4
       Call Canine Famil |       |       |    15 |       ||    15
       Summon Small Mamm |       |       |    10 |     1 ||    11
Invok: Draw Destruction  |       |       |     6 |       ||     6
 Abil: Breathe Steam     |       |       |    48 |     3 ||    51
  Use: Scroll            |     2 |     8 |     5 |       ||    15
       Potion            |       |       |     1 |       ||     1
 Stab: Sleeping          |     1 |     1 |     1 |       ||     3
       Distracted        |       |       |     1 |       ||     1
Armor: Skin              |     7 |    33 |    35 |       ||    75
Dodge: Dodged            |    13 |    70 |    87 |     1 ||   171
